Blue Jackets vs Whalers
Created - 17 février 2013 at 18:57
Goals
|
| Blue Jackets |
1 |
2 |
1 |
4 |
| Whalers |
1 |
5 |
0 |
6 |
|
Shots
|
| Blue Jackets |
10 |
15 |
9 |
34 |
| Whalers |
6 |
21 |
6 |
33 |
|
1st period
1. Blue Jackets , Andrew Ebbett 9 (George Parros) at 3:58
2. Whalers , Sami Kapanen 10 (Chris Kelly, Andy McDonald) at 18:33
Penalties :
Pavel Datsyuk (Har) for High sticking (Minor) at 7:57, George Parros (Clb) for Tripping (Minor) at 7:57
2nd period
3. Whalers , Todd Bertuzzi 12 (Pavel Datsyuk) at 2:22
4. Whalers , Pavel Datsyuk 25 (Todd Bertuzzi) at 2:28
5. Whalers , Dominic Moore 8 (Darryl Sydor, Ray Whitney) at 4:25
6. Whalers , Sami Kapanen 11 (Filip Kuba, Andy McDonald) at 5:30
7. Blue Jackets , David Booth 18 (Ales Kotalik) at 9:44 (SH)
8. Whalers , Andy McDonald 10 (Pavel Datsyuk, Filip Kuba) at 10:42
9. Blue Jackets , David Booth 19 (Vincent Lecavalier) at 13:17
Penalties :
Darryl Sydor (Har) for Roughing (Minor) at 2:10, Shaone Morrisonn (Clb) for High sticking (Minor) at 2:10, Chris Kelly (Har) for Fighting (Major) at 7:27, Jay Harrison (Clb) for Fighting (Major) at 7:27, Derek Morris (Clb) for Hooking (Minor) at 8:37, Michael Rupp (Har) for Fighting (Major) at 10:54, Brad Stuart (Clb) for Fighting (Major) at 10:54, Michael Rupp (Har) for instigated a fight (Minor) at 10:54, Michael Rupp (Har) for instigated a fight (10 Minutes Misconduct) at 10:54, Chris Kelly (Har) for Hooking (Minor) at 15:57
3rd period
10. Blue Jackets , Vincent Lecavalier 22 (Glen Murray, Jay Harrison) at 7:20 (SH)
Penalties :
Jay Harrison (Clb) for Interference (Minor) at 2:00, David Booth (Clb) for Tripping (Minor) at 5:50
Goalie Stats
Brent Johnson (Clb), 9 saves from 13 shots - (0,692), 24:25 minutes
Jaroslav Halak (Clb), 18 saves from 20 shots - (0,900), L, 10-9-4, 35:35 minutes
Vesa Toskala (Har), 30 saves from 34 shots - (0,882), W, 7-5-0, 60:00 minutes
Players Stats for Blue Jackets
Player Name G A P +/- PIM S H SB GA TA FO MP PP MP PK MP
------------------------------------------------------------------------------------
Ales Kotalik 0 1 1 0 0 2 1 0 0 1 0/0 10:01 0:00 1:30
Andrew Ebbett 1 0 1 -1 0 3 2 0 2 0 2/6 13:21 0:00 0:18
Brad Stuart 0 0 0 0 5 0 2 5 1 0 0/0 25:49 1:06 3:46
David Booth 2 0 2 1 2 4 1 0 0 0 1/2 18:10 1:55 1:20
Daymond Langkow 0 0 0 -1 0 1 3 2 0 1 7/12 17:31 2:03 1:13
Derek Morris 0 0 0 -1 2 4 1 0 2 0 0/0 22:43 2:52 1:56
George Parros 0 1 1 -1 2 2 7 0 0 0 1/1 13:40 2:03 0:00
Glen Murray 0 1 1 0 0 3 2 0 1 1 0/0 21:15 1:55 3:43
Greg Campbell 0 0 0 -1 0 1 1 1 0 0 2/2 7:46 0:00 0:00
Jason Ward 0 0 0 0 0 3 1 0 1 1 0/1 15:02 0:00 0:00
Jay Harrison 0 1 1 0 7 0 1 1 0 1 0/0 19:11 1:06 1:09
Kristian Huselius 0 0 0 0 0 0 2 0 0 0 0/0 12:42 0:00 0:07
Michael Frolik 0 0 0 -1 0 1 0 0 0 0 0/0 11:52 2:03 0:00
Nick Boynton 0 0 0 -2 0 0 0 0 0 1 0/0 16:26 1:59 1:44
Sergei Brylin 0 0 0 -1 0 1 0 1 0 0 1/1 7:46 0:00 0:00
Shaone Morrisonn 0 0 0 0 2 1 1 0 0 0 0/0 23:47 0:53 2:48
Trevor Daley 0 0 0 -2 0 1 2 1 0 1 0/0 11:41 0:00 0:31
Vincent Lecavalier 1 1 2 0 0 7 3 0 1 0 11/27 21:15 1:55 3:43
Players Stats for Whalers
Player Name G A P +/- PIM S H SB GA TA FO MP PP MP PK MP
------------------------------------------------------------------------------------
Andy McDonald 1 2 3 3 0 4 1 0 0 0 0/1 16:38 0:00 1:57
Antoine Vermette 0 0 0 0 0 2 1 0 0 1 0/0 17:13 2:07 0:54
Chad Kilger 0 0 0 -1 0 0 2 0 0 0 1/1 7:45 0:00 0:00
Chris Kelly 0 1 1 2 7 3 1 0 0 0 9/13 15:23 1:44 0:27
Dan McGillis 0 0 0 0 0 0 0 3 0 0 0/0 19:03 1:52 1:49
Darryl Sydor 0 1 1 1 2 1 3 3 0 0 0/0 26:52 4:05 2:09
Dominic Moore 1 0 1 0 0 1 1 0 0 0 4/7 11:25 0:00 0:00
Filip Kuba 0 2 2 3 0 0 0 2 2 2 0/0 24:50 4:05 2:09
Jay McKee 0 0 0 0 0 0 2 1 1 2 0/0 22:24 1:52 1:49
Joffrey Lupul 0 0 0 -1 0 0 1 0 0 1 0/0 7:48 0:00 0:00
Mark Eaton 0 0 0 1 0 1 3 2 0 0 0/0 13:45 0:00 0:00
Michael Rupp 0 0 0 0 17 2 0 0 0 0 2/4 9:32 0:23 0:00
Nils Ekman 0 0 0 0 0 1 0 0 1 1 0/2 11:25 0:00 0:00
Pavel Datsyuk 1 2 3 0 2 5 1 1 1 0 10/21 21:27 3:50 2:01
Ray Whitney 0 1 1 -2 0 1 0 0 0 0 0/1 16:00 3:50 0:00
Richard Jackman 0 0 0 -1 0 0 0 0 0 1 0/0 13:06 0:00 0:00
Sami Kapanen 2 0 2 3 0 8 0 0 2 0 0/1 16:46 2:07 1:03
Todd Bertuzzi 1 1 2 0 0 4 0 1 0 0 1/1 21:04 3:50 2:01
3 Stars
1 - Andy McDonald (Har)
2 - Sami Kapanen (Har)
3 - David Booth (Clb)
Power Play
Blue Jackets - 0 on 2 Attempt(s) - 0,00%
Whalers - 0 on 3 Attempt(s) - 0,00%
Penalty Kill
Blue Jackets - 3 on 3 Attempt(s) - 100,00%
- Score 2 goal in Penalty Kill
Whalers - 2 on 2 Attempt(s) - 100,00%
- Score 0 goal in Penalty Kill
Official
Referees : Ciamaga Chris and Martell Rob
Linesman : Shane Heyer and Vaughan Rody
Game Notes
Jaroslav Halak enters game at 4:25 of 2nd period
Chris Kelly and Jay Harrison fight to a draw at 7:27 of 2nd period
Michael Rupp and Brad Stuart fight to a draw at 10:54 of 2nd period
Finance
Level 1 -- Attendance: 5344 (89,07%) -- Ticket Income 480 960 $
Level 2 -- Attendance: 5000 (100,00%) -- Ticket Income 250 000 $
Level 3 -- Attendance: 1784 (89,20%) -- Ticket Income 53 520 $
Level 4 -- Attendance: 4000 (100,00%) -- Ticket Income 60 000 $
Luxury Box -- Attendance: 927 (92,70%) -- Ticket Income 166 860 $
Total Attendance: 17055 (94,75%)
Total Ticket Income: 1 011 340 $
Total Income: 1 011 340 $
Blue Jackets
5 vs 5 Forward
Center Left Wing Right Wing Time % Phy DF OF
1 Vincent Lecavalier David Booth Glen Murray 40 1 2 2
2 Daymond Langkow Kristian Huselius Jason Ward 30 1 2 2
3 Andrew Ebbett Michael Frolik George Parros 20 1 2 2
4 Greg Campbell Sergei Brylin Ales Kotalik 10 1 2 2
5 vs 5 Defense
Defense Defense Time % Phy DF OF
1 Brad Stuart Shaone Morrisonn 40 1 2 2
2 Derek Morris Jay Harrison 30 1 2 2
3 Nick Boynton Trevor Daley 20 1 2 2
4 Brad Stuart Derek Morris 10 1 2 2
PowerPlay Forward
Center Left Wing Right Wing Time % Phy DF OF
1 Vincent Lecavalier David Booth Glen Murray 60 1 2 2
2 Daymond Langkow Michael Frolik George Parros 40 1 2 2
PowerPlay Defense
Defense Defense Time % Phy DF OF
1 Brad Stuart Jay Harrison 60 1 2 2
2 Derek Morris Shaone Morrisonn 40 1 2 2
Penalty Kill 4 Players Forward
Center Wing Time % Phy DF OF
1 Vincent Lecavalier Glen Murray 60 1 2 2
2 Daymond Langkow David Booth 40 1 2 2
Penalty Kill 4 Players Defense
Defense Defense Time % Phy DF OF
1 Brad Stuart Jay Harrison 60 1 2 2
2 Derek Morris Shaone Morrisonn 40 1 2 2
Penalty Kill - 3 Players Forward
Forward Time % Phy DF OF
1 Vincent Lecavalier 60 1 2 2
2 Daymond Langkow 40 1 2 2
Penalty Kill - 3 Players Defense
Defense Defense Time % Phy DF OF
1 Brad Stuart Jay Harrison 60 1 2 2
2 Derek Morris Shaone Morrisonn 40 1 2 2
4 vs 4 Forward
Center Wing Time % Phy DF OF
1 Vincent Lecavalier Glen Murray 60 1 2 2
2 Daymond Langkow David Booth 40 1 2 2
4 vs 4 Defense
Defense Defense Time % Phy DF OF
1 Brad Stuart Jay Harrison 60 1 2 2
2 Derek Morris Shaone Morrisonn 40 1 2 2
Last Minutes Offensive
Center Left Wing Right Wing Defense Defense
Vincent Lecavalier David Booth George Parros Brad Stuart Derek Morris
Last Minutes Defensive
Center Left Wing Right Wing Defense Defense
Vincent Lecavalier David Booth George Parros Brad Stuart Derek Morris
Goaltenders
Starting : Brent Johnson
Backup : Jaroslav Halak
Extra Forwards
Normal : Andrew Ebbett, Jason Ward, Ales Kotalik - PP : Andrew Ebbett, Jason Ward - PK : Ales Kotalik
Extra Defensemen
Normal : Nick Boynton, Shaone Morrisonn, Derek Morris - PP : Nick Boynton - PK : Shaone Morrisonn, Derek Morris
Penalty Shots
Vincent Lecavalier, Michael Frolik, Glen Murray, David Booth, Daymond Langkow
Whalers
5 vs 5 Forward
Center Left Wing Right Wing Time % Phy DF OF
1 Pavel Datsyuk Antoine Vermette Todd Bertuzzi 40 1 2 2
2 Chris Kelly Andy McDonald Sami Kapanen 30 1 2 2
3 Dominic Moore Ray Whitney Nils Ekman 20 1 2 2
4 Michael Rupp Chad Kilger Joffrey Lupul 10 1 2 2
5 vs 5 Defense
Defense Defense Time % Phy DF OF
1 Jay McKee Darryl Sydor 40 1 2 2
2 Dan McGillis Filip Kuba 30 1 2 2
3 Mark Eaton Richard Jackman 20 1 2 2
4 Filip Kuba Darryl Sydor 10 1 2 2
PowerPlay Forward
Center Left Wing Right Wing Time % Phy DF OF
1 Pavel Datsyuk Ray Whitney Todd Bertuzzi 60 1 2 2
2 Chris Kelly Antoine Vermette Sami Kapanen 40 1 2 2
PowerPlay Defense
Defense Defense Time % Phy DF OF
1 Filip Kuba Darryl Sydor 60 1 2 2
2 Dan McGillis Jay McKee 40 1 2 2
Penalty Kill 4 Players Forward
Center Wing Time % Phy DF OF
1 Pavel Datsyuk Todd Bertuzzi 60 1 2 2
2 Andy McDonald Antoine Vermette 40 1 2 2
Penalty Kill 4 Players Defense
Defense Defense Time % Phy DF OF
1 Filip Kuba Darryl Sydor 60 1 2 2
2 Dan McGillis Jay McKee 40 1 2 2
Penalty Kill - 3 Players Forward
Forward Time % Phy DF OF
1 Pavel Datsyuk 60 1 2 2
2 Todd Bertuzzi 40 1 2 2
Penalty Kill - 3 Players Defense
Defense Defense Time % Phy DF OF
1 Filip Kuba Darryl Sydor 60 1 2 2
2 Dan McGillis Jay McKee 40 1 2 2
4 vs 4 Forward
Center Wing Time % Phy DF OF
1 Pavel Datsyuk Todd Bertuzzi 60 1 2 2
2 Andy McDonald Antoine Vermette 40 1 2 2
4 vs 4 Defense
Defense Defense Time % Phy DF OF
1 Filip Kuba Darryl Sydor 60 1 2 2
2 Dan McGillis Jay McKee 40 1 2 2
Last Minutes Offensive
Center Left Wing Right Wing Defense Defense
Pavel Datsyuk Andy McDonald Todd Bertuzzi Filip Kuba Darryl Sydor
Last Minutes Defensive
Center Left Wing Right Wing Defense Defense
Pavel Datsyuk Andy McDonald Todd Bertuzzi Filip Kuba Darryl Sydor
Goaltenders
Starting : Vesa Toskala
Backup : Jonas Hiller
Extra Forwards
Normal : Michael Rupp, Ray Whitney, Sami Kapanen - PP : Michael Rupp, Ray Whitney - PK : Sami Kapanen
Extra Defensemen
Normal : Mark Eaton, Richard Jackman, Dan McGillis - PP : Mark Eaton - PK : Richard Jackman, Dan McGillis
Penalty Shots
Pavel Datsyuk, Todd Bertuzzi, Andy McDonald, Antoine Vermette, Nils Ekman
% Time on Ice - Blue Jackets
Lines # - Real PCT - Wanted PCT - Time Play
Normal Forward
1 - 33% - 40% - 15:19
2 - 29% - 30% - 13:31
3 - 21% - 20% - 9:31
4 - 17% - 10% - 7:46
Normal Defense
1 - 40% - 40% - 18:37
2 - 31% - 30% - 14:17
3 - 23% - 20% - 10:41
4 - 5% - 10% - 2:32
PP Forward
1 - 48% - 60% - 1:55
2 - 52% - 40% - 2:03
PP Defense
1 - 78% - 60% - 3:05
2 - 22% - 40% - 0:53
PK Forward
1 - 80% - 60% - 4:44
2 - 20% - 40% - 1:13
PK Defense
1 - 75% - 60% - 4:26
2 - 25% - 40% - 1:31
PK3 Forward
1 - 0% - 60%
2 - 0% - 40%
PK3 Defense
1 - 0% - 60%
2 - 0% - 40%
44 Forward
1 - 74% - 60% - 2:56
2 - 26% - 40% - 1:02
44 Defense
1 - 65% - 60% - 2:34
2 - 35% - 40% - 1:24
Last Minute Offensive - 0:00
Last Minute Defensive - 0:00
Total
Forward - 60:00
Defense - 60:00
|
% Time on Ice - Whalers
Lines # - Real PCT - Wanted PCT - Time Play
Normal Forward
1 - 34% - 40% - 15:35
2 - 25% - 30% - 11:22
3 - 25% - 20% - 11:25
4 - 17% - 10% - 7:45
Normal Defense
1 - 35% - 40% - 16:01
2 - 29% - 30% - 13:25
3 - 28% - 20% - 12:41
4 - 9% - 10% - 4:00
PP Forward
1 - 64% - 60% - 3:50
2 - 36% - 40% - 2:07
PP Defense
1 - 69% - 60% - 4:05
2 - 31% - 40% - 1:52
PK Forward
1 - 77% - 60% - 3:04
2 - 23% - 40% - 0:54
PK Defense
1 - 54% - 60% - 2:09
2 - 46% - 40% - 1:49
PK3 Forward
1 - 0% - 60%
2 - 0% - 40%
PK3 Defense
1 - 0% - 60%
2 - 0% - 40%
44 Forward
1 - 77% - 60% - 3:04
2 - 23% - 40% - 0:54
44 Defense
1 - 66% - 60% - 2:38
2 - 34% - 40% - 1:20
Last Minute Offensive - 0:00
Last Minute Defensive - 0:00
Total
Forward - 60:00
Defense - 60:00
|
Play by Play
1st period
0:01 of 1st period - Pavel Datsyuk wins face-off versus Vincent Lecavalier in neutral zone.
0:51 of 1st period - Snap shot by Sergei Brylin.
0:51 of 1st period - Shot Blocked by Dan McGillis.
1:01 of 1st period - Slapshot by Greg Campbell.
1:01 of 1st period - Shot Hit the Post.
1:22 of 1st period - Snap shot by Michael Frolik.
1:22 of 1st period - Shot Hit the Post.
1:38 of 1st period - Pavel Datsyuk is hit by Trevor Daley and loses puck.
1:51 of 1st period - Wrist shot by Todd Bertuzzi.
1:51 of 1st period - Deflect By Andy McDonald.
1:51 of 1st period - Shot Misses the Net.
1:51 of 1st period - Puck is out of play.
1:52 of 1st period - Daymond Langkow wins face-off versus Chris Kelly in Blue Jackets zone.
2:03 of 1st period - Snap shot by Sami Kapanen.
2:03 of 1st period - Stopped by Brent Johnson without a rebound.
2:04 of 1st period - Vincent Lecavalier wins face-off versus Pavel Datsyuk in Blue Jackets zone.
2:11 of 1st period - Snap shot by Glen Murray.
2:11 of 1st period - Stopped by Vesa Toskala with a rebound.
2:57 of 1st period - Jason Ward is hit by Dominic Moore and loses puck.
3:12 of 1st period - Darryl Sydor is hit by Greg Campbell and loses puck.
3:35 of 1st period - Snap shot by Vincent Lecavalier.
3:35 of 1st period - Stopped by Vesa Toskala with a rebound.
3:51 of 1st period - Michael Rupp is hit by Andrew Ebbett and loses puck.
3:58 of 1st period - Wrist shot by Andrew Ebbett.
3:58 of 1st period - Goal by Andrew Ebbett - Blue Jackets : 1 - Whalers : 0.
3:59 of 1st period - Daymond Langkow wins face-off versus Chris Kelly in neutral zone.
4:39 of 1st period - Wrist shot by George Parros.
4:39 of 1st period - Shot Misses the Net.
5:09 of 1st period - Slapshot by Ales Kotalik.
5:09 of 1st period - Stopped by Vesa Toskala without a rebound.
5:10 of 1st period - Greg Campbell wins face-off versus Pavel Datsyuk in Whalers zone.
5:25 of 1st period - Wrist shot by Todd Bertuzzi.
5:25 of 1st period - Stopped by Brent Johnson without a rebound.
5:26 of 1st period - Dominic Moore wins face-off versus Vincent Lecavalier in Blue Jackets zone.
5:31 of 1st period - Slapshot by Darryl Sydor.
5:31 of 1st period - Stopped by Brent Johnson with a rebound.
5:41 of 1st period - Snap shot by Vincent Lecavalier.
5:41 of 1st period - Shot Misses the Net.
6:17 of 1st period - Joffrey Lupul is hit by George Parros and loses puck.
7:18 of 1st period - Derek Morris is hit by Andy McDonald and loses puck.
7:29 of 1st period - Snap shot by Derek Morris.
7:29 of 1st period - Deflect By Kristian Huselius.
7:29 of 1st period - Shot Misses the Net.
7:29 of 1st period - Puck is out of play.
7:30 of 1st period - Vincent Lecavalier wins face-off versus Pavel Datsyuk in Whalers zone.
7:45 of 1st period - Slapshot by Glen Murray.
7:45 of 1st period - Shot Blocked by Jay McKee.
7:57 of 1st period - Minor Penalty to Pavel Datsyuk for High sticking.
7:57 of 1st period - Minor Penalty to George Parros for Tripping.
7:58 of 1st period - Michael Rupp wins face-off versus Vincent Lecavalier in Whalers zone.
8:11 of 1st period - Slapshot by Todd Bertuzzi.
8:11 of 1st period - Shot Misses the Net.
8:37 of 1st period - Todd Bertuzzi is hit by Brad Stuart and loses puck.
9:54 of 1st period - Jay McKee is hit by Derek Morris and loses puck.
9:57 of 1st period - Penalty to Pavel Datsyuk is over, Pavel Datsyuk is back on ice.
9:57 of 1st period - Penalty to George Parros is over, George Parros is back on ice.
10:53 of 1st period - Snap shot by Andrew Ebbett.
10:53 of 1st period - Stopped by Vesa Toskala with a rebound.
10:55 of 1st period - Wrist shot by George Parros.
10:55 of 1st period - Shot Blocked by Dan McGillis.
10:57 of 1st period - Slapshot by Derek Morris.
10:57 of 1st period - Stopped by Vesa Toskala with a rebound.
10:59 of 1st period - Snap shot by Jason Ward.
10:59 of 1st period - Stopped by Vesa Toskala with a rebound.
11:01 of 1st period - Snap shot by George Parros.
11:01 of 1st period - Shot Blocked by Pavel Datsyuk.
11:03 of 1st period - Snap shot by Andrew Ebbett.
11:03 of 1st period - Stopped by Vesa Toskala with a rebound.
11:05 of 1st period - Slapshot by George Parros.
11:05 of 1st period - Shot Misses the Net.
11:43 of 1st period - Off-side.
11:44 of 1st period - Dominic Moore wins face-off versus Vincent Lecavalier in neutral zone.
12:09 of 1st period - Trevor Daley is hit by Mark Eaton and loses puck.
13:11 of 1st period - Mark Eaton is hit by Daymond Langkow and loses puck.
13:21 of 1st period - Off-side.
13:22 of 1st period - Vincent Lecavalier wins face-off versus Sami Kapanen in neutral zone.
13:48 of 1st period - Off-side.
13:49 of 1st period - Sergei Brylin wins face-off versus Michael Rupp in neutral zone.
15:31 of 1st period - Michael Rupp is hit by Kristian Huselius and loses puck.
15:42 of 1st period - Michael Frolik is hit by Mark Eaton and loses puck.
15:55 of 1st period - Slapshot by Nils Ekman.
15:55 of 1st period - Shot Blocked by Trevor Daley.
16:19 of 1st period - Antoine Vermette is hit by George Parros and loses puck.
16:47 of 1st period - Nick Boynton is hit by Jay McKee and loses puck.
17:00 of 1st period - Nils Ekman is hit by Jason Ward.
17:12 of 1st period - Richard Jackman is hit by Daymond Langkow.
18:25 of 1st period - Snap shot by Michael Rupp.
18:25 of 1st period - Shot Blocked by Brad Stuart.
18:27 of 1st period - Wrist shot by Michael Rupp.
18:27 of 1st period - Stopped by Brent Johnson without a rebound.
18:28 of 1st period - Chris Kelly wins face-off versus Andrew Ebbett in Blue Jackets zone.
18:31 of 1st period - Slapshot by Andy McDonald.
18:31 of 1st period - Deflect By Chris Kelly.
18:31 of 1st period - Stopped by Brent Johnson with a rebound.
18:33 of 1st period - Snap shot by Sami Kapanen.
18:33 of 1st period - Goal by Sami Kapanen - Blue Jackets : 1 - Whalers : 1.
18:34 of 1st period - Daymond Langkow wins face-off versus Chris Kelly in neutral zone.
18:37 of 1st period - Snap shot by Daymond Langkow.
18:37 of 1st period - Shot Misses the Net.
18:39 of 1st period - Wrist shot by Jason Ward.
18:39 of 1st period - Stopped by Vesa Toskala with a rebound.
18:59 of 1st period - Michael Frolik is hit by Darryl Sydor.
19:39 of 1st period - Slapshot by Daymond Langkow.
19:39 of 1st period - Shot Misses the Net.
19:41 of 1st period - Slapshot by Derek Morris.
19:41 of 1st period - Stopped by Vesa Toskala without a rebound.
19:42 of 1st period - Chad Kilger wins face-off versus Daymond Langkow in Whalers zone.
2nd period
0:01 of 2nd period - Chris Kelly wins face-off versus Jason Ward in neutral zone.
0:10 of 2nd period - Slapshot by Andy McDonald.
0:10 of 2nd period - Stopped by Brent Johnson with a rebound.
0:27 of 2nd period - Wrist shot by Nils Ekman.
0:27 of 2nd period - Shot Misses the Net.
0:29 of 2nd period - Slapshot by Filip Kuba.
0:29 of 2nd period - Shot Blocked by Daymond Langkow.
0:39 of 2nd period - Wrist shot by Nils Ekman.
0:39 of 2nd period - Shot Blocked by Brad Stuart.
1:16 of 2nd period - Wrist shot by Sami Kapanen.
1:16 of 2nd period - Stopped by Brent Johnson with a rebound.
1:18 of 2nd period - Wrist shot by Andy McDonald.
1:18 of 2nd period - Shot Misses the Net.
1:20 of 2nd period - Snap shot by Sami Kapanen.
1:20 of 2nd period - Shot Misses the Net.
1:35 of 2nd period - Sergei Brylin is hit by Darryl Sydor and loses puck.
1:52 of 2nd period - Snap shot by Vincent Lecavalier.
1:52 of 2nd period - Stopped by Vesa Toskala with a rebound.
1:55 of 2nd period - Icing by Jay McKee.
1:56 of 2nd period - David Booth wins face-off versus Dominic Moore in Whalers zone.
1:57 of 2nd period - Snap shot by Vincent Lecavalier.
1:57 of 2nd period - Stopped by Vesa Toskala without a rebound.
1:58 of 2nd period - Chris Kelly wins face-off versus Daymond Langkow in Whalers zone.
2:05 of 2nd period - Wrist shot by Daymond Langkow.
2:05 of 2nd period - Shot Misses the Net.
2:09 of 2nd period - Snap shot by Daymond Langkow.
2:09 of 2nd period - Shot Misses the Net.
2:10 of 2nd period - Minor Penalty to Darryl Sydor for Roughing.
2:10 of 2nd period - Minor Penalty to Shaone Morrisonn for High sticking.
2:11 of 2nd period - Pavel Datsyuk wins face-off versus Vincent Lecavalier in Whalers zone.
2:20 of 2nd period - Snap shot by Todd Bertuzzi.
2:20 of 2nd period - Deflect By Pavel Datsyuk.
2:20 of 2nd period - Shot Blocked by Brad Stuart.
2:20 of 2nd period - Puck is out of play.
2:21 of 2nd period - Pavel Datsyuk wins face-off versus Vincent Lecavalier in Blue Jackets zone.
2:22 of 2nd period - Slapshot by Todd Bertuzzi.
2:22 of 2nd period - Goal by Todd Bertuzzi - Blue Jackets : 1 - Whalers : 2.
2:23 of 2nd period - Pavel Datsyuk wins face-off versus Vincent Lecavalier in neutral zone.
2:28 of 2nd period - Slapshot by Pavel Datsyuk.
2:28 of 2nd period - Goal by Pavel Datsyuk - Blue Jackets : 1 - Whalers : 3.
2:29 of 2nd period - Pavel Datsyuk wins face-off versus Vincent Lecavalier in neutral zone.
2:50 of 2nd period - Todd Bertuzzi is hit by Vincent Lecavalier and loses puck.
3:07 of 2nd period - Snap shot by Antoine Vermette.
3:07 of 2nd period - Stopped by Brent Johnson with a rebound.
3:09 of 2nd period - Backhand shot by Filip Kuba.
3:09 of 2nd period - Shot Blocked by Jay Harrison.
3:11 of 2nd period - Snap shot by Antoine Vermette.
3:11 of 2nd period - Stopped by Brent Johnson with a rebound.
4:10 of 2nd period - Penalty to Darryl Sydor is over, Darryl Sydor is back on ice.
4:10 of 2nd period - Penalty to Shaone Morrisonn is over, Shaone Morrisonn is back on ice.
4:21 of 2nd period - Snap shot by Ray Whitney.
4:21 of 2nd period - Shot Blocked by Sergei Brylin.
4:23 of 2nd period - Slapshot by Darryl Sydor.
4:23 of 2nd period - Shot Blocked by Greg Campbell.
4:25 of 2nd period - Wrist shot by Dominic Moore.
4:25 of 2nd period - Goal by Dominic Moore - Blue Jackets : 1 - Whalers : 4.
4:25 of 2nd period - Jaroslav Halak enters game.
4:26 of 2nd period - Chris Kelly wins face-off versus Daymond Langkow in neutral zone.
4:31 of 2nd period - Snap shot by Sami Kapanen.
4:31 of 2nd period - Shot Misses the Net.
4:33 of 2nd period - Wrist shot by Sami Kapanen.
4:33 of 2nd period - Stopped by Jaroslav Halak with a rebound.
4:35 of 2nd period - Wrist shot by Andy McDonald.
4:35 of 2nd period - Shot Misses the Net.
4:37 of 2nd period - Wrist shot by Andy McDonald.
4:37 of 2nd period - Shot Misses the Net.
4:39 of 2nd period - Slapshot by Chris Kelly.
4:39 of 2nd period - Stopped by Jaroslav Halak with a rebound.
4:41 of 2nd period - Snap shot by Chris Kelly.
4:41 of 2nd period - Shot Misses the Net.
5:01 of 2nd period - Snap shot by Glen Murray.
5:01 of 2nd period - Shot Blocked by Darryl Sydor.
5:17 of 2nd period - Wrist shot by Michael Frolik.
5:17 of 2nd period - Deflect By George Parros.
5:17 of 2nd period - Stopped by Vesa Toskala without a rebound.
5:18 of 2nd period - Chris Kelly wins face-off versus Andrew Ebbett in Whalers zone.
5:18 of 2nd period - Chris Kelly is hit by George Parros.
5:28 of 2nd period - Wrist shot by Sami Kapanen.
5:28 of 2nd period - Stopped by Jaroslav Halak with a rebound.
5:30 of 2nd period - Wrist shot by Sami Kapanen.
5:30 of 2nd period - Goal by Sami Kapanen - Blue Jackets : 1 - Whalers : 5.
5:31 of 2nd period - Daymond Langkow wins face-off versus Pavel Datsyuk in neutral zone.
6:11 of 2nd period - Snap shot by Nils Ekman.
6:11 of 2nd period - Shot Hit the Post.
6:13 of 2nd period - Snap shot by Ray Whitney.
6:13 of 2nd period - Stopped by Jaroslav Halak with a rebound.
6:21 of 2nd period - Darryl Sydor is hit by George Parros.
6:53 of 2nd period - Wrist shot by Michael Rupp.
6:53 of 2nd period - Stopped by Jaroslav Halak without a rebound.
6:54 of 2nd period - Daymond Langkow wins face-off versus Pavel Datsyuk in Blue Jackets zone.
6:54 of 2nd period - Daymond Langkow is hit by Antoine Vermette.
7:24 of 2nd period - Backhand shot by David Booth.
7:24 of 2nd period - Shot Blocked by Mark Eaton.
7:26 of 2nd period - Snap shot by Vincent Lecavalier.
7:26 of 2nd period - Stopped by Vesa Toskala without a rebound.
7:27 of 2nd period - Chris Kelly wins face-off versus Vincent Lecavalier in Whalers zone.
7:27 of 2nd period - Chris Kelly and Jay Harrison fight to a draw.
7:27 of 2nd period - Penalty to Chris Kelly for Fighting.
7:27 of 2nd period - Penalty to Jay Harrison for Fighting.
7:28 of 2nd period - Vincent Lecavalier wins face-off versus Pavel Datsyuk in Whalers zone.
7:29 of 2nd period - Wrist shot by David Booth.
7:29 of 2nd period - Stopped by Vesa Toskala with a rebound.
7:42 of 2nd period - Pavel Datsyuk is hit by Vincent Lecavalier and loses puck.
8:04 of 2nd period - Slapshot by Daymond Langkow.
8:04 of 2nd period - Stopped by Vesa Toskala with a rebound.
8:06 of 2nd period - Wrist shot by Daymond Langkow.
8:06 of 2nd period - Shot Misses the Net.
8:08 of 2nd period - Snap shot by Daymond Langkow.
8:08 of 2nd period - Shot Misses the Net.
8:18 of 2nd period - Wrist shot by Nils Ekman.
8:18 of 2nd period - Stopped by Jaroslav Halak without a rebound.
8:19 of 2nd period - Andrew Ebbett wins face-off versus Dominic Moore in Blue Jackets zone.
8:37 of 2nd period - Minor Penalty to Derek Morris for Hooking.
8:38 of 2nd period - Vincent Lecavalier wins face-off versus Pavel Datsyuk in Blue Jackets zone.
8:45 of 2nd period - Wrist shot by Glen Murray.
8:45 of 2nd period - Deflect By Vincent Lecavalier.
8:45 of 2nd period - Shot Blocked by Todd Bertuzzi.
8:45 of 2nd period - Puck is out of play.
8:46 of 2nd period - Vincent Lecavalier wins face-off versus Pavel Datsyuk in Whalers zone.
8:47 of 2nd period - Snap shot by Glen Murray.
8:47 of 2nd period - Shot Blocked by Darryl Sydor.
9:44 of 2nd period - Wrist shot by David Booth.
9:44 of 2nd period - Goal by David Booth - Blue Jackets : 2 - Whalers : 5.
9:45 of 2nd period - Pavel Datsyuk wins face-off versus Vincent Lecavalier in neutral zone.
9:50 of 2nd period - Snap shot by Pavel Datsyuk.
9:50 of 2nd period - Stopped by Jaroslav Halak with a rebound.
9:54 of 2nd period - Slapshot by Todd Bertuzzi.
9:54 of 2nd period - Stopped by Jaroslav Halak without a rebound.
9:55 of 2nd period - Pavel Datsyuk wins face-off versus Vincent Lecavalier in Blue Jackets zone.
10:02 of 2nd period - Slapshot by Todd Bertuzzi.
10:02 of 2nd period - Stopped by Jaroslav Halak with a rebound.
10:04 of 2nd period - Snap shot by Pavel Datsyuk.
10:04 of 2nd period - Stopped by Jaroslav Halak with a rebound.
10:37 of 2nd period - Penalty to Derek Morris is over, Derek Morris is back on ice.
10:40 of 2nd period - Snap shot by Pavel Datsyuk.
10:40 of 2nd period - Stopped by Jaroslav Halak with a rebound.
10:42 of 2nd period - Wrist shot by Andy McDonald.
10:42 of 2nd period - Goal by Andy McDonald - Blue Jackets : 2 - Whalers : 6.
10:43 of 2nd period - Vincent Lecavalier wins face-off versus Michael Rupp in neutral zone.
10:54 of 2nd period - Michael Rupp and Brad Stuart fight to a draw.
10:54 of 2nd period - Penalty to Michael Rupp for Fighting.
10:54 of 2nd period - Penalty to Brad Stuart for Fighting.
10:54 of 2nd period - Penalty to Michael Rupp for instigated a fight.
10:54 of 2nd period - Penalty to Michael Rupp for instigated a fight.
10:55 of 2nd period - Vincent Lecavalier wins face-off versus Pavel Datsyuk in Whalers zone.
11:49 of 2nd period - George Parros is hit by Jay McKee and loses puck.
12:27 of 2nd period - Penalty to Chris Kelly is over, Chris Kelly is back on ice.
12:59 of 2nd period - Snap shot by Michael Frolik.
12:59 of 2nd period - Stopped by Vesa Toskala with a rebound.
13:01 of 2nd period - Slapshot by Derek Morris.
13:01 of 2nd period - Shot Misses the Net.
13:05 of 2nd period - Backhand shot by Michael Frolik.
13:05 of 2nd period - Shot Misses the Net.
13:07 of 2nd period - Wrist shot by George Parros.
13:07 of 2nd period - Shot Blocked by Filip Kuba.
13:09 of 2nd period - Slapshot by Michael Frolik.
13:09 of 2nd period - Shot Misses the Net.
13:11 of 2nd period - Slapshot by George Parros.
13:11 of 2nd period - Stopped by Vesa Toskala without a rebound.
13:12 of 2nd period - Vincent Lecavalier wins face-off versus Nils Ekman in Whalers zone.
13:17 of 2nd period - Wrist shot by David Booth.
13:17 of 2nd period - Goal by David Booth - Blue Jackets : 3 - Whalers : 6.
13:18 of 2nd period - Pavel Datsyuk wins face-off versus Vincent Lecavalier in neutral zone.
14:56 of 2nd period - Filip Kuba is hit by Vincent Lecavalier and loses puck.
15:28 of 2nd period - Icing by Filip Kuba.
15:29 of 2nd period - Chris Kelly wins face-off versus Daymond Langkow in Whalers zone.
15:34 of 2nd period - Pavel Datsyuk is hit by Daymond Langkow and loses puck.
15:43 of 2nd period - Daymond Langkow is hit by Darryl Sydor and loses puck.
15:57 of 2nd period - Minor Penalty to Chris Kelly for Hooking.
15:58 of 2nd period - Pavel Datsyuk wins face-off versus Vincent Lecavalier in Whalers zone.
16:14 of 2nd period - Pavel Datsyuk is hit by David Booth and loses puck.
16:29 of 2nd period - Slapshot by Daymond Langkow.
16:29 of 2nd period - Shot Blocked by Filip Kuba.
16:31 of 2nd period - Slapshot by Shaone Morrisonn.
16:31 of 2nd period - Stopped by Vesa Toskala without a rebound.
16:32 of 2nd period - George Parros wins face-off versus Pavel Datsyuk in Whalers zone.
16:59 of 2nd period - Jay McKee is hit by Glen Murray and loses puck.
17:43 of 2nd period - Sami Kapanen is hit by Brad Stuart and loses puck.
17:57 of 2nd period - Penalty to Chris Kelly is over, Chris Kelly is back on ice.
17:58 of 2nd period - Snap shot by Vincent Lecavalier.
17:58 of 2nd period - Stopped by Vesa Toskala with a rebound.
18:00 of 2nd period - Slapshot by Trevor Daley.
18:00 of 2nd period - Shot Blocked by Darryl Sydor.
18:02 of 2nd period - Wrist shot by David Booth.
18:02 of 2nd period - Stopped by Vesa Toskala with a rebound.
18:04 of 2nd period - Snap shot by Glen Murray.
18:04 of 2nd period - Stopped by Vesa Toskala with a rebound.
18:06 of 2nd period - Slapshot by Glen Murray.
18:06 of 2nd period - Stopped by Vesa Toskala without a rebound.
18:07 of 2nd period - Dominic Moore wins face-off versus Daymond Langkow in Whalers zone.
18:36 of 2nd period - Slapshot by Mark Eaton.
18:36 of 2nd period - Stopped by Jaroslav Halak with a rebound.
18:38 of 2nd period - Wrist shot by Sami Kapanen.
18:38 of 2nd period - Shot Misses the Net.
19:32 of 2nd period - Dominic Moore is hit by Andrew Ebbett and loses puck.
19:44 of 2nd period - Icing by Dominic Moore.
19:45 of 2nd period - Greg Campbell wins face-off versus Dominic Moore in Whalers zone.
19:48 of 2nd period - Slapshot by Ales Kotalik.
19:48 of 2nd period - Shot Misses the Net.
3rd period
0:01 of 3rd period - Pavel Datsyuk wins face-off versus David Booth in neutral zone.
0:50 of 3rd period - Nils Ekman is hit by George Parros and loses puck.
0:54 of 3rd period - 10 Minutes Game Misconduct Penalty to Michael Rupp is over.
2:00 of 3rd period - Minor Penalty to Jay Harrison for Interference.
2:01 of 3rd period - Vincent Lecavalier wins face-off versus Ray Whitney in Blue Jackets zone.
4:00 of 3rd period - Penalty to Jay Harrison is over, Jay Harrison is back on ice.
4:13 of 3rd period - Michael Frolik is hit by Chad Kilger and loses puck.
4:20 of 3rd period - Joffrey Lupul is hit by George Parros.
4:32 of 3rd period - Dominic Moore is hit by Jay Harrison and loses puck.
4:39 of 3rd period - Snap shot by Jason Ward.
4:39 of 3rd period - Stopped by Vesa Toskala with a rebound.
4:59 of 3rd period - Greg Campbell is hit by Mark Eaton and loses puck.
5:08 of 3rd period - Icing by Richard Jackman.
5:09 of 3rd period - Michael Rupp wins face-off versus Vincent Lecavalier in Whalers zone.
5:20 of 3rd period - Sami Kapanen is hit by Kristian Huselius and loses puck.
5:50 of 3rd period - Minor Penalty to David Booth for Tripping.
5:51 of 3rd period - Todd Bertuzzi wins face-off versus Vincent Lecavalier in Blue Jackets zone.
6:27 of 3rd period - Off-side.
6:28 of 3rd period - Daymond Langkow wins face-off versus Chris Kelly in neutral zone.
6:55 of 3rd period - Snap shot by Ales Kotalik.
6:55 of 3rd period - Stopped by Vesa Toskala with a rebound.
7:20 of 3rd period - Snap shot by Vincent Lecavalier.
7:20 of 3rd period - Goal by Vincent Lecavalier - Blue Jackets : 4 - Whalers : 6.
7:21 of 3rd period - Vincent Lecavalier wins face-off versus Pavel Datsyuk in neutral zone.
7:50 of 3rd period - Penalty to David Booth is over, David Booth is back on ice.
10:06 of 3rd period - Jay Harrison is hit by Joffrey Lupul and loses puck.
10:21 of 3rd period - Filip Kuba is hit by George Parros and loses puck.
10:59 of 3rd period - Vincent Lecavalier is hit by Pavel Datsyuk and loses puck.
11:10 of 3rd period - Nick Boynton is hit by Chad Kilger and loses puck.
11:37 of 3rd period - Wrist shot by Andrew Ebbett.
11:37 of 3rd period - Shot Blocked by Mark Eaton.
11:39 of 3rd period - Wrist shot by Trevor Daley.
11:39 of 3rd period - Stopped by Vesa Toskala with a rebound.
11:57 of 3rd period - Snap shot by Ales Kotalik.
11:57 of 3rd period - Shot Misses the Net.
12:07 of 3rd period - Richard Jackman is hit by Shaone Morrisonn and loses puck.
13:25 of 3rd period - Off-side.
13:26 of 3rd period - Daymond Langkow wins face-off versus Andy McDonald in neutral zone.
13:29 of 3rd period - Snap shot by Daymond Langkow.
13:29 of 3rd period - Shot Blocked by Dan McGillis.
13:51 of 3rd period - Filip Kuba is hit by Glen Murray and loses puck.
13:58 of 3rd period - Slapshot by David Booth.
13:58 of 3rd period - Deflect By Vincent Lecavalier.
13:58 of 3rd period - Stopped by Vesa Toskala with a rebound.
14:12 of 3rd period - Dan McGillis is hit by Ales Kotalik and loses puck.
14:17 of 3rd period - Wrist shot by Greg Campbell.
14:17 of 3rd period - Stopped by Vesa Toskala with a rebound.
14:19 of 3rd period - Wrist shot by Sergei Brylin.
14:19 of 3rd period - Stopped by Vesa Toskala with a rebound.
15:17 of 3rd period - Snap shot by Dominic Moore.
15:17 of 3rd period - Shot Blocked by Daymond Langkow.
15:43 of 3rd period - Wrist shot by Andy McDonald.
15:43 of 3rd period - Stopped by Jaroslav Halak with a rebound.
16:03 of 3rd period - Snap shot by George Parros.
16:03 of 3rd period - Shot Misses the Net.
16:05 of 3rd period - Slapshot by Derek Morris.
16:05 of 3rd period - Stopped by Vesa Toskala without a rebound.
16:06 of 3rd period - Dominic Moore wins face-off versus Vincent Lecavalier in Whalers zone.
16:31 of 3rd period - Andrew Ebbett is hit by Chris Kelly and loses puck.
16:38 of 3rd period - Slapshot by Andy McDonald.
16:38 of 3rd period - Stopped by Jaroslav Halak without a rebound.
16:39 of 3rd period - Chris Kelly wins face-off versus Andrew Ebbett in Blue Jackets zone.
16:42 of 3rd period - Snap shot by Sami Kapanen.
16:42 of 3rd period - Stopped by Jaroslav Halak without a rebound.
16:43 of 3rd period - Chris Kelly wins face-off versus Andrew Ebbett in Blue Jackets zone.
16:50 of 3rd period - Snap shot by Sami Kapanen.
16:50 of 3rd period - Shot Blocked by Brad Stuart.
17:16 of 3rd period - Snap shot by Pavel Datsyuk.
17:16 of 3rd period - Stopped by Jaroslav Halak with a rebound.
17:57 of 3rd period - Wrist shot by Chris Kelly.
17:57 of 3rd period - Deflect By George Parros.
17:57 of 3rd period - Stopped by Jaroslav Halak with a rebound.
18:05 of 3rd period - Slapshot by Derek Morris.
18:05 of 3rd period - Stopped by Vesa Toskala without a rebound.
18:06 of 3rd period - Andrew Ebbett wins face-off versus Nils Ekman in Whalers zone.
18:31 of 3rd period - Antoine Vermette is hit by Trevor Daley.
18:58 of 3rd period - Wrist shot by Andy McDonald.
18:58 of 3rd period - Shot Misses the Net.
19:00 of 3rd period - Wrist shot by Sami Kapanen.
19:00 of 3rd period - Stopped by Jaroslav Halak with a rebound.
19:02 of 3rd period - Slapshot by Jay McKee.
19:02 of 3rd period - Shot Blocked by Brad Stuart.
Output by the SimonT Hockey Simulator (STHS) for François Prévost -- Original Page W3C XHTML 1.0 Valid